 Dungeon Crawl Stone Soup version 0.28.0-1-gb440e238dd (webtiles) character file.

Game seed: 5811571941129771163

20 Woods the Caller (level 2, -1/16 HPs)
             Began as a Felid Summoner on Feb 25, 2022.
             Succumbed to an adder's poison
             ... on level 2 of the Dungeon.
             The game lasted 00:02:50 (1873 turns).

Woods the Caller (Felid Summoner)                   Turns: 1873, Time: 00:02:50

Health: -1/16      AC: 21    Str:  4    XL:     2   Next: 58%
Magic:  1/6        EV:  4    Int: 16    God:
Gold:   90         SH:  0    Dex: 16    Spells: 2/5 levels left
                                        Lives:  0   Deaths: 0

rFire   . . .      SeeInvis +   (weapon unavailable)
rCold   . . .      Faith    .   (shield unavailable)
rNeg    . . .      Spirit   .   (armour unavailable)
rPois   +          Reflect  .   (helmet unavailable)
rElec   .          Harm     .   (cloak unavailable)
rCorr   .          Rampage  .   (gloves unavailable)
Will    .....      NoTele   +   (boots unavailable)
Stlth   ++........              (no amulet)
HPRegen 0.05/turn               (no ring)
MPRegen 0.10/turn               (no ring)

@: lethally poisoned (-1 -> -10), tree-form
A: stationary, stasis, torment immunity, boosted hp, very small, (claws 1),
(fangs 3), see invisible, (speed 1), (shaggy fur 1), (stealthy paws), no weapons
or thrown items, no armour, multi-lived
a: no special abilities


You were on level 2 of the Dungeon.
You were a tree.
You visited 1 branch of the dungeon, and saw 2 of its levels.

You collected 90 gold pieces.

Inventory:

Jewellery
 c - an amulet of guardian spirit
Scrolls
 a - a scroll of enchant weapon {unknown}
 b - a scroll of summoning {unknown}
 d - a scroll of vulnerability {unknown}
 e - a scroll of teleportation {unknown}
 f - a scroll of immolation {unknown}
 g - a scroll of enchant armour {unknown}


   Skills:
 + Level 3.1 Dodging
 + Level 3.1 Stealth
 + Level 2.2 Spellcasting
 * Level 4.3 Summonings


You had 2 spell levels left.
You knew the following spells:

 Your Spells              Type           Power      Damage    Failure   Level
a - Summon Small Mammal   Summ           60%        N/A       3%          1
b - Call Imp              Summ           15%        N/A       5%          2

Your spell library contained the following spells:

 Spells                   Type           Power      Damage    Failure   Level
 Call Canine Familiar     Summ           15%        N/A       11%         3
 Summon Guardian Golem    Hex/Summ       8%         N/A       26%         3
 Summon Lightning Spire   Summ/Air       8%         N/A       63%         4


Dungeon Overview and Level Annotations

Branches:
Dungeon (2/15)

Altars:

Shops:
D:1 :


Innate Abilities, Weirdness & Mutations

You are a tree.
Your roots penetrate the ground, keeping you stationary.
You cannot be teleported.
You are immune to unholy pain and torment.
Your maximum health is greatly increased.
((You have sharp claws.))
((You have razor-sharp teeth.))
You have supernaturally acute eyesight. (SInv)
((You cover ground quickly. (Speed+)))
((You are covered in fur. (AC +1)))
((Your paws help you pounce on unaware monsters.))
You are incapable of wielding weapons or throwing items.
You cannot wear armour.
You gain extra lives every three experience levels.


Message History

The adder poisons your bat!
Your bat hits the adder but does no damage.
The adder bites your bat.
Your bat dies!
Your bat's corpse disappears in a puff of smoke!
The adder bites your rat.
Your rat dies!
Your rat's corpse disappears in a puff of smoke!
The adder bites your crimson imp.
Your crimson imp blinks!
Casting: Call Imp (safe; 5% risk of failure)
Confirm with . or Enter, or press ? or * to list all spells.
You swap places.
Your rat closely misses the adder.
The adder bites your rat.
Your rat dies!
Your rat's corpse disappears in a puff of smoke!
Casting: Summon Small Mammal (safe; 3% risk of failure)
Confirm with . or Enter, or press ? or * to list all spells.
The adder completely misses you.
Your crimson imp barely misses the adder.
The adder misses you.
You swap places.
Your bat hits the adder but does no damage.
Your bat hits the adder. The adder bites you.
You are lethally poisoned!
The adder poisons you!
Your crimson imp misses the adder.
You scratch the adder but do no damage.
The adder is lightly wounded.
You feel sick.
Your bat barely misses the adder.
Your bat closely misses the adder.
The adder bites you.
* * * LOW HITPOINT WARNING * * *
You are more poisoned.
The adder poisons you!
Your bat completely misses the adder.
Your crimson imp closely misses the adder.
* * * LOW HITPOINT WARNING * * *
You feel sick.
Your bat hits the adder but does no damage.
Your crimson imp blinks!
It was a potion of lignification.
You turn into a tree.
Your roots penetrate the ground.
You die...

#.# # ######.# #
########## #......# #
.........# #.###### #
########.## #.# # #.§#
#(# # ##b# #.# #S## #.#
#######.♣####.###########
.......................>.
########.5###.##.########
##.###.##.# #..##.##.#
##.##.##.####
#.##........
##.....#.####
#............


You could see an adder (ally target), a friendly crimson imp (summoned) and a
friendly bat (summoned).

Vanquished Creatures
  A ball python (D:2)
  2 endoplasms
  A giant cockroach (D:2)
  A rat (D:1)
  A spectral kobold (D:1)
6 creatures vanquished.

Vanquished Creatures (collateral kills)
  An endoplasm (D:1)
  A goblin (D:1)
  A hobgoblin (D:1)
  A kobold (D:2)
  A quokka (D:1)
  4 bats
  A frilled lizard (D:2)
  A rat (D:2)
11 creatures vanquished.

Grand Total: 17 creatures vanquished

Notes
Turn   | Place    | Note
-------+----------+-------------------------------------------
     0 | D:1      | Woods the Felid Summoner began the quest for the Orb.
     0 | D:1      | Reached XP level 1. HP: 7/7 MP: 4/4
   373 | D:1      | Found Etot's Book Emporium.
   432 | D:1      | Found a faded altar of an unknown god.
   754 | D:1      | Reached XP level 2. HP: 10/11 MP: 6/6
   955 | D:1      | Learned a level 2 spell: Call Imp
  1873 | D:2      | Succumbed to an adder's poison

Illustrated notes

Levels and vault maps discovered:
D:1:      wander_arrival_chamber, layout_basic,
          dreamdust_ecumenical_altar_drowned_temple, serial_shops, shop
D:2:      layout_basic, basic_altar, minmay_misc_feat_pillars,
          minmay_split_cup_small

Skill      XL: |  1  2 |
---------------+-------+-----
Stealth        | 3 |  3.1
Dodging        | 3 |  3.1
Spellcasting   | |  2.2
Summonings     | |  4.3

Action                   || total
-------------------------++-------
Melee: Unarmed           ||    32
       Bite              ||     6
 Cast: Summon Small Mamm ||    25
       Call Imp          ||     2
  Use: Potion            ||     1
 Stab: Sleeping          ||     1
Armor: Skin              ||     2
Dodge: Dodged            ||    42
